[Event "African Online-ch U20-Open 2021"]
[Site "Online"]
[Date "2021.02.01"]
[Round "3.19"]
[White "Tong, William M"]
[Black "Barrani, Adem"]
[Result "0-1"]
[ECO "B08"]
[WhiteElo "1985"]
[BlackElo "1396"]
[Annotator "RC"]
[PlyCount "166"]
[EventDate "2021.02.01"]
[EventType "swiss"]
[EventCountry "NET"]
[SourceTitle "playchess.com"]
[Source "ChessBase"]
[SourceQuality "1"]
[TimeControl "1500+10"]

1. e4 d6 2. d4 Nf6 3. Nc3 g6 4. Be2 Bg7 5. Be3 O-O 6. Nf3 c6 7. O-O b5 8. a3 Nbd7 9. h3 a6 10. Qd2 c5 11. dxc5 dxc5 12. e5 Ne8 13. Bh6 Bb7 14. Bxg7 Nxg7 15. Rad1 Nb6 16. Qxd8 Raxd8 17. b3 Ne6 18. Rfe1 b4 19. axb4 cxb4 20. Na4 Nxa4 21. bxa4 a5 22. Rxd8 Rxd8 23. Bb5 Bxf3 24. gxf3 Nd4 25. Rf1 Nxf3+ 26. Kg2 Nxe5 27. Re1 f6 28. Rc1 Rc8 29. Kf1 b3 30. c4 b2 31. Rb1 Nxc4 32. Bxc4+ Rxc4 33. Rxb2 Rxa4 34. Rb7 Kf7 35. Ke2 Ra3 36. f3 a4 37. Ra7 Ra2+ 38. Ke3 a3 39. Kf4 Ra1 40. h4 h6 41. Kg3 a2 42. Kg2 Ke6 43. Ra6+ Kf5 44. Ra5+ e5 45. Ra4 g5 46. h5 Rd1 47. Rxa2 Rd4 48. Ra8 Rh4 49. Rh8 Rxh5 50. Rh7 Kg6 51. Re7 Rh4 52. Re6 Rb4 53. Rc6 h5 54. Rc2 Rb3 55. Rd2 Kf5 56. Re2 g4 57. fxg4+ hxg4 58. Rf2+ Kg5 59. Re2 Kf4 60. Rf2+ Rf3 61. Ra2 e4 62. Ra6 f5 63. Ra5 g3 64. Ra2 Rf2+ 65. Rxf2+ gxf2 66. Kxf2 e3+ 67. Kf1 Kf3 68. Ke1 e2 69. Kd2 Kf2 70. Kc3 e1=Q+ 71. Kd4 Qe4+ 72. Kc5 Qd3 73. Kc6 Ke3 74. Kc5 Qd4+ 75. Kc6 Ke4 76. Kc7 Ke5 77. Kc6 Qd6+ 78. Kb5 Qc7 79. Kb4 Kd5 80. Kb3 Kd4 81. Ka4 Qb6 82. Ka3 Kc3 83. Ka2 Qb2# 0-1

[Event "African Online-ch U20-Open 2021"]
[Site "Online"]
[Date "2021.02.01"]
[Round "3.20"]
[White "Shah, Darshan Samir"]
[Black "Meise, Keagen"]
[Result "1-0"]
[ECO "E65"]
[WhiteElo "1502"]
[BlackElo "1200"]
[Annotator "NA RC"]
[PlyCount "233"]
[EventDate "2021.02.01"]
[EventType "swiss"]
[EventCountry "NET"]
[SourceTitle "playchess.com"]
[Source "ChessBase"]
[SourceQuality "1"]
[TimeControl "1500+10"]

1. Nf3 Nf6 2. c4 c5 3. Nc3 g6 4. g3 Bg7 5. Bg2 O-O 6. O-O d6 7. d4 cxd4 8. Nxd4 Qc7 9. Qd3 a6 10. Be3 Nbd7 11. b3 Re8 12. Qd2 Ne5 13. h3 Nc6 14. Rfd1 Bd7 15. Rac1 Qa5 16. a4 Rab8 17. Rb1 Nxd4 18. Bxd4 Bc6 19. e4 Qc7 20. Ba7 Rbc8 21. Be3 Qd7 22. Bb6 Nh5 23. Nd5 Bxd5 24. Qxd5 Nf6 25. Qd3 h5 26. e5 Nh7 27. exd6 exd6 28. c5 Re6 29. cxd6 Be5 30. Bc7 Bxd6 31. Bxd6 Rd8 32. Qc4 Rxd6 33. Rxd6 Qxd6 34. Bxb7 a5 35. Rc1 Nf6 36. Qa6 Qe5 37. Qc4 Kg7 38. Bg2 Qd6 39. h4 Qd2 40. Qc2 Qd4 41. Qc5 Qd2 42. Qc2 Qd4 43. Kh2 Ng4+ 44. Kg1 Kh7 45. Qc5 Qd2 46. Rf1 Re8 47. Qd5 Qxd5 48. Bxd5 Kg7 49. Bc4 Nf6 50. Kg2 Re7 51. f3 Kf8 52. Rf2 Ra7 53. Kh3 Nd7 54. f4 Nb6 55. Bb5 Nd5 56. f5 Kg7 57. Rf3 Nf6 58. fxg6 fxg6 59. Re3 Ng4 60. Re8 Nf6 61. Re6 Ng4 62. Be2 Nf6 63. Ra6 Rxa6 64. Bxa6 Nd5 65. Bc4 Ne3 66. Bb5 Kf6 67. Kh2 Nc2 68. Kg2 Nd4 69. Kf2 Nxb3 70. Ke3 Kf5 71. Bd7+ Ke5 72. Be8 Kf6 73. Ke4 Nc5+ 74. Kd4 Ne6+ 75. Kc4 Nc7 76. Bd7 Ke7 77. Bc6 Kf6 78. Kc5 Ne6+ 79. Kb5 Nd4+ 80. Kb6 Kf5 81. Bd7+ Kf6 82. Kxa5 g5 83. hxg5+ Kxg5 84. Kb6 Nb3 85. Be6 Nd4 86. Bd5 Kg4 87. a5 Kxg3 88. a6 h4 89. a7 h3 90. a8=Q h2 91. Qg8+ Kf4 92. Qg2 Ke5 93. Bc6 h1=B 94. Qxh1 Nf5 95. Qh5 Kf6 96. Qf3 Kg5 97. Qg2+ Kf6 98. Bd7 Ne7 99. Qf3+ Kg7 100. Kc7 Ng6 101. Kd8 Kh6 102. Qf6 Kh5 103. Be8 Kg4 104. Qxg6+ Kf4 105. Bd7 Ke5 106. Qf5+ Kd6 107. Qe6+ Kc5 108. Qe5+ Kc4 109. Be6+ Kd3 110. Qf4 Kc3 111. Qc4+ Kd2 112. Qb3 Ke2 113. Bg4+ Kd2 114. Kd7 Kc1 115. Qc3+ Kb1 116. Bf5+ Ka2 117. Qb4 1-0

[Event "African Online-ch U20-Open 2021"]
[Site "Online"]
[Date "2021.02.01"]
[Round "3.21"]
[White "Karania, Hardiv"]
[Black "Masaiti, Gideon"]
[Result "0-1"]
[ECO "D30"]
[WhiteElo "1317"]
[BlackElo "1442"]
[Annotator "NA RC"]
[PlyCount "104"]
[EventDate "2021.02.01"]
[EventType "swiss"]
[EventCountry "NET"]
[SourceTitle "playchess.com"]
[Source "ChessBase"]
[SourceQuality "1"]
[TimeControl "1500+10"]

1. d4 e6 2. c4 d5 3. cxd5 exd5 4. e3 Nf6 5. Bd3 Bd6 6. Nf3 O-O 7. O-O Bg4 8. h3 Bh5 9. Nbd2 Nbd7 10. b3 Re8 11. Bb2 c6 12. Qc2 Qc7 13. Rac1 Bxf3 14. Nxf3 Ne4 15. Rcd1 Ndf6 16. Qc1 Rac8 17. Ba3 c5 18. dxc5 Nxc5 19. Bf5 Ne6 20. Qxc7 Bxc7 21. Nd4 Nxd4 22. Rxd4 Rcd8 23. Bc5 b6 24. Ba3 g6 25. Bc2 Ne4 26. Bb2 Be5 27. f3 Ng3 28. Re1 Bxd4 29. Bxd4 Rc8 30. Bd3 Nf5 31. Bb5 Nxd4 32. Bxe8 Rxe8 33. Kf2 Ne6 34. Rd1 Rd8 35. h4 Kg7 36. g3 Kf6 37. g4 d4 38. e4 Nf4 39. Kg3 Ne2+ 40. Kf2 d3 41. Ke3 Nc3 42. Rd2 h6 43. a4 g5 44. h5 Ke5 45. Rb2 Nd1+ 46. Kd2 Nxb2 47. b4 Nc4+ 48. Kd1 d2 49. a5 Ne3+ 50. Ke2 Kf4 51. axb6 d1=Q+ 52. Kf2 Rd2# 0-1

[Event "African Online-ch U20-Open 2021"]
[Site "Online"]
[Date "2021.02.01"]
[Round "3.23"]
[White "Belattar, Mohamed Walid"]
[Black "Sparg, Nathan"]
[Result "0-1"]
[ECO "E01"]
[WhiteElo "1214"]
[BlackElo "1413"]
[Annotator "NA RC"]
[PlyCount "54"]
[EventDate "2021.02.01"]
[EventType "swiss"]
[EventCountry "NET"]
[SourceTitle "playchess.com"]
[Source "ChessBase"]
[SourceQuality "1"]
[TimeControl "1500+10"]

1. d4 d5 2. Nf3 Nf6 3. g3 e6 4. Bg2 Bd6 5. O-O O-O 6. c4 c6 7. c5 Bc7 8. Nc3 Nbd7 9. Re1 e5 10. e3 e4 11. Nd2 b6 12. b4 a5 13. Qa4 Bb7 14. b5 cxb5 15. Qxb5 Ba6 16. Qb2 bxc5 17. dxc5 Nxc5 18. Qa3 Nd3 19. Rd1 Ng4 20. Ncxe4 dxe4 21. Nxe4 Nf6 22. Nxf6+ Qxf6 23. Bxa8 Qxf2+ 24. Kh1 Rxa8 25. Rb1 Ne1 26. Rxe1 Qxe1+ 27. Kg2 Qf1# 0-1

[Event "African Online-ch U20-Open 2021"]
[Site "Online"]
[Date "2021.02.01"]
[Round "4.3"]
[White "Mohamed Abderrahim, Taleb Mohamed"]
[Black "Vasco Mateus Felizardo Viageir"]
[Result "1-0"]
[ECO "B20"]
[WhiteElo "1799"]
[BlackElo "1862"]
[Annotator "NA RC"]
[PlyCount "61"]
[EventDate "2021.02.01"]
[EventType "swiss"]
[EventCountry "NET"]
[SourceTitle "playchess.com"]
[Source "ChessBase"]
[SourceQuality "1"]
[TimeControl "1500+10"]

1. e4 c5 2. a3 e6 3. b4 cxb4 4. axb4 Bxb4 5. Bb2 Bf8 6. d4 d5 7. e5 Nc6 8. Nf3 Nge7 9. Bd3 Qb6 10. Ba3 Bd7 11. c3 Ng6 12. Bxf8 Nxf8 13. Na3 a6 14. Nb5 Nxe5 15. Nxe5 Bxb5 16. Bxb5+ Qxb5 17. Rb1 Qa5 18. Rxb7 Qxc3+ 19. Kf1 Qa3 20. Qc2 Nd7 21. Nxd7 Rd8 22. Qc6 Qd3+ 23. Ke1 Qe4+ 24. Kd2 Qxd4+ 25. Kc2 Qc4+ 26. Qxc4 dxc4 27. Rd1 h5 28. Nf6+ gxf6 29. Rxd8+ Kxd8 30. Rb8+ Kc7 31. Rxh8 1-0

[Event "African Online-ch U20-Open 2021"]
[Site "Online"]
[Date "2021.02.01"]
[Round "4.8"]
[White "Junior, Domingos"]
[Black "Darius Patlo Banda"]
[Result "1-0"]
[ECO "C56"]
[WhiteElo "1894"]
[BlackElo "1369"]
[Annotator "NA RC"]
[PlyCount "51"]
[EventDate "2021.02.01"]
[EventType "swiss"]
[EventCountry "NET"]
[SourceTitle "playchess.com"]
[Source "ChessBase"]
[SourceQuality "1"]
[TimeControl "1500+10"]

1. e4 e5 2. Nf3 Nc6 3. d4 exd4 4. Bc4 Nf6 5. O-O Bc5 6. e5 d5 7. exf6 dxc4 8. Re1+ Be6 9. fxg7 Rg8 10. Bg5 Qd5 11. Nc3 Qf5 12. Ne4 Rxg7 13. Nh4 Qd5 14. Nf6+ Kf8 15. Nxd5 Bxd5 16. Bh6 Kg8 17. Bxg7 Kxg7 18. Qg4+ Kf8 19. Nf5 Be6 20. Qg7+ Ke8 21. Qg8+ Bf8 22. Ng7+ Ke7 23. Rxe6+ Kd7 24. Qxf7+ Be7 25. Rxe7+ Nxe7 26. Re1 1-0

[Event "African Online-ch U20-Open 2021"]
[Site "Online"]
[Date "2021.02.01"]
[Round "4.9"]
[White "Soojay, Jorah"]
[Black "Bidi, Abdeljalil"]
[Result "0-1"]
[ECO "C52"]
[WhiteElo "1478"]
[BlackElo "1750"]
[Annotator "NA RC"]
[PlyCount "116"]
[EventDate "2021.02.01"]
[EventType "swiss"]
[EventCountry "NET"]
[SourceTitle "playchess.com"]
[Source "ChessBase"]
[SourceQuality "1"]
[TimeControl "1500+10"]

1. e4 e5 2. Nf3 Nc6 3. Bc4 Bc5 4. b4 Bxb4 5. c3 Ba5 6. d4 exd4 7. O-O Nf6 8. cxd4 d5 9. exd5 Nxd5 10. Bg5 Qd6 11. Ne5 O-O 12. Nxc6 Qxc6 13. Bb3 h6 14. Bd2 Bxd2 15. Qxd2 Nf6 16. Nc3 Bf5 17. Rfe1 Rad8 18. Rac1 Qd7 19. Qf4 c6 20. Rcd1 Nh5 21. Qh4 Nf6 22. f3 Rfe8 23. Ne4 Nxe4 24. fxe4 Bg6 25. Qg3 Bxe4 26. Rf1 Bd5 27. Qf4 Bxb3 28. axb3 Qd5 29. Rd3 Re4 30. Qf3 Rxd4 31. Rxd4 Qxd4+ 32. Kh1 Qd5 33. Qc3 Qd3 34. Qe1 Qxb3 35. Qe7 Rd1 36. Qe8+ Kh7 37. Qe4+ g6 38. Qe2 Rxf1+ 39. Qxf1 a5 40. h3 a4 41. h4 a3 42. h5 a2 43. hxg6+ fxg6 44. Qf6 Qd1+ 45. Kh2 a1=Q 46. Qf7+ Qg7 47. Qf4 Qh5+ 48. Kg3 Qg5+ 49. Qxg5 hxg5 50. Kg4 Kh6 51. g3 b5 52. Kh3 b4 53. Kg4 b3 54. Kh3 b2 55. Kg4 b1=Q 56. Kh3 Qd7+ 57. g4 Qdd3+ 58. Kh2 Qbc2+ 0-1

[Event "African Online-ch U20-Open 2021"]
[Site "Online"]
[Date "2021.02.01"]
[Round "4.10"]
[White "Mcligeyo, Robert"]
[Black "Celso Andre Manjate"]
[Result "0-1"]
[ECO "A26"]
[WhiteElo "1688"]
[BlackElo "1721"]
[Annotator "NA RC"]
[PlyCount "198"]
[EventDate "2021.02.01"]
[EventType "swiss"]
[EventCountry "NET"]
[SourceTitle "playchess.com"]
[Source "ChessBase"]
[SourceQuality "1"]
[TimeControl "1500+10"]

1. c4 Nf6 2. Nf3 g6 3. g3 Bg7 4. Bg2 O-O 5. O-O d6 6. Nc3 e5 7. d3 Nc6 8. Bg5 h6 9. Bd2 Nh5 10. Nh4 g5 11. e3 Nxg3 12. fxg3 gxh4 13. Nd5 hxg3 14. hxg3 f5 15. Qh5 Ne7 16. e4 Nxd5 17. cxd5 f4 18. gxf4 exf4 19. Bxf4 Kh7 20. Be3 Bd7 21. Rxf8 Qxf8 22. Rf1 Qe8 23. Qf7 Kh8 24. Qf4 Qg6 25. Qf7 Qg4 26. Qf4 Qe2 27. Qg3 Rg8 28. Qf3 Qxb2 29. Qh5 Be8 30. Qh4 Kh7 31. Kh1 Qe2 32. Bc1 Qxd3 33. Bh3 Bd7 34. Rg1 Qf3+ 35. Bg2 Qe2 36. Qe7 Bg4 37. Qxc7 Bf3 38. Qf7 Bh5 39. Qf5+ Bg6 40. Qf3 Qxa2 41. Bh3 Rf8 42. Qg2 Qxg2+ 43. Bxg2 Bd4 44. Rd1 Bc5 45. Bb2 Rf2 46. Ba1 b5 47. e5 dxe5 48. Bxe5 Bb6 49. d6 Bd8 50. Bd4 Ra2 51. Bd5 Ra6 52. Bc5 Ra4 53. Bc6 Rh4+ 54. Kg2 b4 55. Bxa7 b3 56. Bd4 Bc2 57. Rd2 Rxd4 58. Rxd4 b2 59. Rb4 b1=Q 60. Rxb1 Bxb1 61. Kf3 Kg7 62. Kg4 Bg5 63. d7 Kf7 64. Kf3 Ke7 65. Be4 Ba2 66. Bf5 Bd5+ 67. Kg4 Bc4 68. Kh5 Kf7 69. Bg6+ Kg7 70. Bf5 Bb5 71. Be6 Ba4 72. Bf5 Bb3 73. Bh3 Bc4 74. Bf5 Bb3 75. Bh3 Bf7+ 76. Kg4 Kg6 77. Kf3 Bd5+ 78. Kg3 Bc6 79. Be6 Bd8 80. Kg4 Ba4 81. Kh3 Kg5 82. Kg3 Bc7+ 83. Kh3 Bc6 84. Bg4 Bd5 85. Be2 Be6+ 86. Kg2 Bxd7 87. Bf3 h5 88. Be4 h4 89. Bf3 Kf4 90. Bb7 Ke3 91. Ba8 Bg4 92. Bb7 Ke2 93. Bc6 Ke1 94. Bb7 Be2 95. Bd5 Bf1+ 96. Kh1 Kf2 97. Bc6 h3 98. Be4 Bg2+ 99. Bxg2 hxg2# 0-1

[Event "African Online-ch U20-Open 2021"]
[Site "Online"]
[Date "2021.02.01"]
[Round "4.11"]
[White "Selogelo Othata"]
[Black "Lion, Pierre"]
[Result "1-0"]
[ECO "B47"]
[WhiteElo "1725"]
[BlackElo "1586"]
[Annotator "NA RC"]
[PlyCount "143"]
[EventDate "2021.02.01"]
[EventType "swiss"]
[EventCountry "NET"]
[SourceTitle "playchess.com"]
[Source "ChessBase"]
[SourceQuality "1"]
[TimeControl "1500+10"]

1. e4 c5 2. Nf3 e6 3. d4 cxd4 4. Nxd4 Nc6 5. Nc3 Qc7 6. Ndb5 Qb8 7. g3 a6 8. Nd4 Nf6 9. Bg2 Bc5 10. Be3 Qc7 11. Nxe6 fxe6 12. Bxc5 b5 13. Bd6 Qb6 14. e5 Ng8 15. O-O Nge7 16. Bxe7 Kxe7 17. Qd6+ Kf7 18. Bxc6 dxc6 19. Qd3 Bb7 20. Qd7+ Kf8 21. Qxe6 Re8 22. Qf5+ Kg8 23. Ne4 Bc8 24. Qg5 h6 25. Qh5 Re7 26. Rad1 Be6 27. Qg6 Bf7 28. Qd6 Re8 29. Qc5 Qxc5 30. Nxc5 Rxe5 31. Rd8+ Kh7 32. Rxh8+ Kxh8 33. Nb3 Re2 34. Nd4 Rd2 35. Nxc6 Rxc2 36. Nb4 Rxb2 37. Nxa6 Rxa2 38. Nc5 Rc2 39. Na6 Rc6 40. Nb4 Rc4 41. Rb1 Bg6 42. Rb2 Be4 43. f4 Kg8 44. Kf2 Kf7 45. Ke3 Ke6 46. Na6 Bc6 47. Nc7+ Kf5 48. Nxb5 Bxb5 49. Rxb5+ Kg6 50. g4 Ra4 51. h4 Kf6 52. Rb6+ Kf7 53. Rd6 Rc4 54. Rd4 Rc1 55. Rd7+ Kf6 56. h5 Rg1 57. Rd6+ Kf7 58. Rg6 Re1+ 59. Kf2 Re8 60. Rb6 Re4 61. Kf3 Re1 62. g5 hxg5 63. fxg5 Rh1 64. Rb7+ Kf8 65. Kg4 Rg1+ 66. Kf5 Ra1 67. Kg6 Ra5 68. Rf7+ Kg8 69. Rxg7+ Kf8 70. h6 Ra6+ 71. Kh7 Rb6 72. Rc7 1-0

[Event "African Online-ch U20-Open 2021"]
[Site "Online"]
[Date "2021.02.01"]
[Round "4.13"]
[White "Ben Abbes, Ayoub"]
[Black "Shah, Darshan Samir"]
[Result "1-0"]
[ECO "B00"]
[WhiteElo "1481"]
[BlackElo "1502"]
[Annotator "NA RC"]
[PlyCount "53"]
[EventDate "2021.02.01"]
[EventType "swiss"]
[EventCountry "NET"]
[SourceTitle "playchess.com"]
[Source "ChessBase"]
[SourceQuality "1"]
[TimeControl "1500+10"]

1. e4 d6 2. d4 Nc6 3. c3 Nf6 4. Bd3 g6 5. h3 Bg7 6. Nf3 O-O 7. Bg5 Nb8 8. O-O c5 9. d5 Nbd7 10. Na3 a6 11. Re1 h6 12. Bf4 Nb6 13. Qd2 e5 14. Bxh6 Bd7 15. Bg5 Qc8 16. Nh2 Kh7 17. f4 Rh8 18. fxe5 dxe5 19. Rf1 Ne8 20. Rxf7 Nd6 21. Re7 Qc7 22. Rf1 Nbc8 23. Rxg7+ Kxg7 24. Bf6+ Kh7 25. Bxh8 Kxh8 26. Qh6+ Kg8 27. Rf8# 1-0

[Event "African Online-ch U20-Open 2021"]
[Site "Online"]
[Date "2021.02.01"]
[Round "4.14"]
[White "Meise, Keagen"]
[Black "Machinya Desire"]
[Result "0-1"]
[ECO "D85"]
[WhiteElo "1200"]
[BlackElo "1638"]
[Annotator "NA RC"]
[PlyCount "82"]
[EventDate "2021.02.01"]
[EventType "swiss"]
[EventCountry "NET"]
[SourceTitle "playchess.com"]
[Source "ChessBase"]
[SourceQuality "1"]
[TimeControl "1500+10"]

1. d4 Nf6 2. c4 g6 3. Nc3 d5 4. cxd5 Nxd5 5. e4 Nxc3 6. bxc3 Bg7 7. Nf3 c5 8. Bd2 cxd4 9. cxd4 Bg4 10. Bb5+ Nd7 11. Be3 Qa5+ 12. Qd2 Qxb5 13. a4 Qa6 14. Ng1 Nb6 15. f3 Bd7 16. a5 Nc4 17. Qe2 Nxe3 18. Qxe3 Rd8 19. Ne2 Bb5 20. Rc1 Qxa5+ 21. Kf2 Bxe2 22. Qxe2 Bxd4+ 23. Kf1 O-O 24. Rd1 Bg7 25. Rb1 b6 26. h3 Rd2 27. Qe3 Rfd8 28. Qb3 Qa6+ 29. Qb5 Qxb5+ 30. Rxb5 Rd1+ 31. Kf2 R8d2+ 32. Ke3 Bd4+ 33. Kf4 Rxh1 34. g4 e5+ 35. Kg5 Rxh3 36. Kf6 Rxf3+ 37. Ke7 Bc5+ 38. Ke8 Rfd3 39. Rxc5 bxc5 40. g5 Kg7 41. Ke7 Rd7+ 0-1

[Event "African Online-ch U20-Open 2021"]
[Site "Online"]
[Date "2021.02.01"]
[Round "4.15"]
[White "Ofile Masilo"]
[Black "Palmer, Reegan"]
[Result "1-0"]
[ECO "D35"]
[WhiteElo "1457"]
[BlackElo "1325"]
[Annotator "NA RC"]
[PlyCount "111"]
[EventDate "2021.02.01"]
[EventType "swiss"]
[EventCountry "NET"]
[SourceTitle "playchess.com"]
[Source "ChessBase"]
[SourceQuality "1"]
[TimeControl "1500+10"]

1. d4 d5 2. c4 e6 3. Nc3 Nf6 4. cxd5 exd5 5. Bg5 Be7 6. e3 Nbd7 7. Bd3 b6 8. Nge2 Bb7 9. Rc1 O-O 10. O-O c5 11. b3 Rc8 12. Bf4 Ne4 13. f3 Nxc3 14. Nxc3 Bg5 15. Bxg5 Qxg5 16. f4 Qf6 17. Qg4 Qe6 18. Qxe6 fxe6 19. Nb5 Ba6 20. a4 Nf6 21. g3 Rfd8 22. Rfd1 Bxb5 23. Bxb5 Ne8 24. dxc5 bxc5 25. Bxe8 Rxe8 26. Rc2 Re7 27. Rdc1 Rec7 28. Kf2 Kf7 29. Kf3 h5 30. h3 Kf6 31. g4 hxg4+ 32. hxg4 g5 33. Rh1 gxf4 34. exf4 Rb7 35. g5+ Kf5 36. Rc3 Rcb8 37. Rh6 Rf7 38. Re3 Rxb3 39. Rxb3 e5 40. Rf6+ Rxf6 41. gxf6 Kxf6 42. fxe5+ Kxe5 43. Rb1 Kd4 44. Rd1+ Kc4 45. Ke3 d4+ 46. Kd2 Kb4 47. Rb1+ Kc4 48. Rc1+ Kb4 49. Kd3 Kb3 50. Rxc5 Kxa4 51. Rc1 a5 52. Kxd4 Kb3 53. Rb1+ Ka2 54. Rb5 a4 55. Kc3 a3 56. Ra5 1-0

[Event "African Online-ch U20-Open 2021"]
[Site "Online"]
[Date "2021.02.01"]
[Round "4.16"]
[White "Masaiti, Gideon"]
[Black "Fourie, Brandon"]
[Result "0-1"]
[ECO "B33"]
[WhiteElo "1442"]
[BlackElo "1583"]
[Annotator "NA RC"]
[PlyCount "46"]
[EventDate "2021.02.01"]
[EventType "swiss"]
[EventCountry "NET"]
[SourceTitle "playchess.com"]
[Source "ChessBase"]
[SourceQuality "1"]
[TimeControl "1500+10"]

1. e4 c5 2. Nf3 Nc6 3. d4 cxd4 4. Nxd4 Nf6 5. Nc3 e5 6. Nb3 Bb4 7. f3 d5 8. Bb5 O-O 9. Bxc6 bxc6 10. Bg5 h6 11. Bxf6 Qxf6 12. exd5 Ba6 13. a3 Bxc3+ 14. bxc3 Rad8 15. Kf2 Rxd5 16. Qe1 e4 17. Qxe4 Re5 18. Qd4 Rd8 19. Qg4 h5 20. Qb4 Re2+ 21. Kg1 Qg5 22. g3 Qe3+ 23. Kf1 Qf2# 0-1

[Event "African Online-ch U20-Open 2021"]
[Site "Online"]
[Date "2021.02.01"]
[Round "4.18"]
[White "Sparg, Nathan"]
[Black "Dutt Dakshesh"]
[Result "1-0"]
[ECO "D32"]
[WhiteElo "1413"]
[BlackElo "1549"]
[Annotator "NA RC"]
[PlyCount "123"]
[EventDate "2021.02.01"]
[EventType "swiss"]
[EventCountry "NET"]
[SourceTitle "playchess.com"]
[Source "ChessBase"]
[SourceQuality "1"]
[TimeControl "1500+10"]

1. d4 d5 2. c4 e6 3. Nf3 Nf6 4. Nc3 c5 5. cxd5 exd5 6. Bg5 Be6 7. e4 dxe4 8. Bxf6 Qxf6 9. Nxe4 Qd8 10. dxc5 Qa5+ 11. Qd2 Qc7 12. Rd1 Nc6 13. Bb5 a6 14. Nd6+ Bxd6 15. cxd6 Qd7 16. Ne5 Qd8 17. Bxc6+ bxc6 18. d7+ Kf8 19. Qd6+ Kg8 20. Nxc6 Qxd7 21. Qxd7 Bxd7 22. Rxd7 g6 23. O-O Kg7 24. Ne5 Rhf8 25. Rfd1 Rae8 26. Nc4 Re2 27. R7d2 Rfe8 28. Kf1 R2e4 29. Nd6 R8e5 30. Nxe4 Rxe4 31. f3 Rb4 32. Rc1 Rb6 33. Rc7 h5 34. Rdd7 Rf6 35. Kf2 Kg8 36. Ra7 h4 37. Rd8+ Kg7 38. Rda8 Rb6 39. b3 Rc6 40. Ke3 Re6+ 41. Kf4 Re2 42. g3 h3 43. g4 Rxh2 44. Kg3 Rh1 45. Rxa6 Kh6 46. Rh8+ Kg7 47. Rxh3 Rg1+ 48. Kf2 Rb1 49. f4 Rb2+ 50. Ke3 Rc2 51. Kd4 Rd2+ 52. Rd3 Rc2 53. b4 Kf8 54. b5 Ke8 55. b6 Kd8 56. Ra8+ Kd7 57. b7 Rxa2 58. Rxa2 Kc7 59. Rb2 Kb8 60. Rc3 f6 61. Rc8+ Ka7 62. Ra8# 1-0

[Event "African Online-ch U20-Open 2021"]
[Site "Online"]
[Date "2021.02.01"]
[Round "4.22"]
[White "Potgieter, Edward"]
[Black "Belattar, Mohamed Walid"]
[Result "1-0"]
[ECO "B78"]
[WhiteElo "1229"]
[BlackElo "1214"]
[Annotator "NA RC"]
[PlyCount "53"]
[EventDate "2021.02.01"]
[EventType "swiss"]
[EventCountry "NET"]
[SourceTitle "playchess.com"]
[Source "ChessBase"]
[SourceQuality "1"]
[TimeControl "1500+10"]

1. e4 c5 2. Nf3 g6 3. d4 cxd4 4. Nxd4 Bg7 5. Nc3 Nc6 6. Be3 d6 7. Bc4 Nf6 8. f3 O-O 9. Qd2 Bd7 10. O-O-O Rc8 11. Bb3 Nxd4 12. Bxd4 a6 13. h4 b5 14. h5 e5 15. Be3 Nxh5 16. Bh6 Qf6 17. Bg5 Bh6 18. Bxh6 Rfe8 19. Bg5 Qh8 20. Nd5 Bc6 21. g4 Ng3 22. Rh3 Bxd5 23. Qxd5 Ne2+ 24. Kb1 Rc7 25. Qxd6 Rcc8 26. Qd7 Rcd8 27. Qxf7# 1-0

[Event "African Online-ch U20-Open 2021"]
[Site "Online"]
[Date "2021.02.01"]
[Round "5.9"]
[White "Machinya Desire"]
[Black "Sparg, Nathan"]
[Result "1-0"]
[ECO "C00"]
[WhiteElo "1638"]
[BlackElo "1413"]
[Annotator "NA RC"]
[PlyCount "67"]
[EventDate "2021.02.01"]
[EventType "swiss"]
[EventCountry "NET"]
[SourceTitle "playchess.com"]
[Source "ChessBase"]
[SourceQuality "1"]
[TimeControl "1500+10"]

1. e4 e6 2. d3 d5 3. Nd2 Nf6 4. g3 Nc6 5. Bg2 dxe4 6. dxe4 Bc5 7. Ngf3 e5 8. c3 O-O 9. O-O a5 10. h3 Qe7 11. Re1 Rd8 12. Qc2 b6 13. Nb3 Bd6 14. Nh4 Ba6 15. Nf5 Qf8 16. Bg5 Be7 17. Nxe7+ Qxe7 18. f4 h6 19. Bh4 a4 20. Nc1 Qd6 21. fxe5 Nxe5 22. g4 g5 23. Bf2 Nexg4 24. hxg4 Nxg4 25. e5 Nxe5 26. Qf5 Nd3 27. Nxd3 Bxd3 28. Qh3 Ra5 29. Rad1 Rf5 30. Be4 Rxf2 31. Rxd3 Qc5 32. Rxd8+ Kg7 33. Qe3 Re2 34. Rxe2 1-0

[Event "African Online-ch U20-Open 2021"]
[Site "Online"]
[Date "2021.02.01"]
[Round "5.10"]
[White "van der Merwe, Alexander"]
[Black "Soojay, Jorah"]
[Result "1-0"]
[ECO "B01"]
[WhiteElo "1655"]
[BlackElo "1478"]
[Annotator "NA RC"]
[PlyCount "55"]
[EventDate "2021.02.01"]
[EventType "swiss"]
[EventCountry "NET"]
[SourceTitle "playchess.com"]
[Source "ChessBase"]
[SourceQuality "1"]
[TimeControl "1500+10"]

1. e4 d5 2. exd5 Nf6 3. d4 Nxd5 4. Nf3 Bg4 5. Be2 e6 6. O-O Nc6 7. c4 Nf6 8. Be3 Be7 9. Nc3 Bd6 10. d5 exd5 11. cxd5 Ne7 12. Bg5 h6 13. Bxf6 gxf6 14. Qd4 Rg8 15. Ne4 Nf5 16. Nxf6+ Kf8 17. Nh7+ Ke8 18. Qe4+ Kd7 19. Ne5+ Bxe5 20. Bxg4 Bxh2+ 21. Kh1 Rxg4 22. Qxf5+ Kd6 23. Qxg4 Qh8 24. Kxh2 Qxh7 25. Qf4+ Kd7 26. Rac1 Rc8 27. Rfe1 Qg6 28. Qe5 1-0

[Event "African Online-ch U20-Open 2021"]
[Site "Online"]
[Date "2021.02.01"]
[Round "5.11"]
[White "Elayeb, Med Yessine"]
[Black "Mena, Martin"]
[Result "1-0"]
[ECO "A14"]
[WhiteElo "1666"]
[BlackElo "1776"]
[Annotator "NA RC"]
[PlyCount "75"]
[EventDate "2021.02.01"]
[EventType "swiss"]
[EventCountry "NET"]
[SourceTitle "playchess.com"]
[Source "ChessBase"]
[SourceQuality "1"]
[TimeControl "1500+10"]

1. Nf3 d5 2. g3 Nf6 3. Bg2 e6 4. c4 Be7 5. O-O O-O 6. b3 c5 7. Bb2 Nc6 8. e3 Qc7 9. Nc3 Rd8 10. Rc1 dxc4 11. bxc4 Nb4 12. Ne1 Qd6 13. a3 Qxd2 14. Qb3 Nd3 15. Rc2 Nc1 16. Bxc1 Qd6 17. Rd2 Qc7 18. Rxd8+ Qxd8 19. Nf3 a6 20. Rd1 Qe8 21. Ne5 Rb8 22. Qb6 Nd7 23. Nxd7 Bxd7 24. Qc7 Bc6 25. Bxc6 bxc6 26. Rd7 Bf8 27. Rd3 e5 28. e4 f6 29. Be3 Rc8 30. Qd7 Rb8 31. Qxe8 Rxe8 32. Na4 Rb8 33. Nxc5 Rb1+ 34. Kg2 Ra1 35. Rd8 Kf7 36. Nb3 Rxa3 37. Rxf8+ Kxf8 38. Bc5+ 1-0

[Event "African Online-ch U20-Open 2021"]
[Site "Online"]
[Date "2021.02.01"]
[Round "5.12"]
[White "Fourie, Brandon"]
[Black "Mcligeyo, Robert"]
[Result "1-0"]
[ECO "B01"]
[WhiteElo "1583"]
[BlackElo "1688"]
[Annotator "NA RC"]
[PlyCount "83"]
[EventDate "2021.02.01"]
[EventType "swiss"]
[EventCountry "NET"]
[SourceTitle "playchess.com"]
[Source "ChessBase"]
[SourceQuality "1"]
[TimeControl "1500+10"]

1. e4 d5 2. exd5 Nf6 3. d4 Nxd5 4. Nf3 Bg4 5. Bc4 e6 6. O-O Be7 7. h3 Bh5 8. Re1 O-O 9. Nbd2 Nc6 10. c3 a6 11. Ne4 h6 12. Ng3 Bg6 13. Bd3 Bxd3 14. Qxd3 Bd6 15. Ne5 Nxe5 16. dxe5 Bc5 17. Qe4 f5 18. Qc4 Bb6 19. Bd2 f4 20. Ne4 Qh4 21. Rad1 Kh8 22. Nc5 Bxc5 23. Qxc5 f3 24. Qd4 Nf4 25. Bxf4 Rxf4 26. Qe3 fxg2 27. Qg3 Raf8 28. Qxh4 Rxh4 29. Kxg2 Rhf4 30. Re2 Rc4 31. Rd7 Kh7 32. Re7 Rc6 33. Rd2 Rf5 34. Rdd7 Rxe5 35. Rxg7+ Kh8 36. h4 Re4 37. f3 Re2+ 38. Kg3 e5 39. h5 Re1 40. Kf2 Rb1 41. Rge7 Rxb2+ 42. Kg3 1-0